 Dungeon Crawl Stone Soup version 0.23.2-40-g277498a001 (webtiles) character file.

Game seed: 443737606094076613

378 Fallub the Conjurer (level 6, 0/33 HPs)
             Began as a Deep Elf Conjurer on Oct 15, 2019.
             Slain by an orc wizard
             ... wielding a +0 dagger
              (1 damage)
             ... on level 4 of the Dungeon.
             The game lasted 00:20:41 (4056 turns).

Fallub the Conjurer (Deep Elf Conjurer)             Turns: 4056, Time: 00:20:42

Health: 0/33       AC:  2    Str:  9    XL:     6   Next: 45%
Magic:  14/16      EV: 13    Int: 25    God:
Gold:   166        SH:  0    Dex: 15    Spells: 2/16 levels left

rFire    . . .     SeeInvis .   (no weapon)
rCold    . . .     Gourm    .   (no shield)
rNeg     . . .     Faith    .   a - +0 robe
rPois    .         Spirit   .   (no helmet)
rElec    .         Reflect  .   (no cloak)
rCorr    .         Harm     .   (no gloves)
MR       .....                  (no boots)
Stlth    ++........             j - amulet of magic regeneration
HPRegen  0.11/turn              g - +4 ring of strength
MPRegen  0.40/turn              k - +3 ring of intelligence

@: very slightly contaminated
A: no striking features
a: no special abilities


You were on level 4 of the Dungeon.
You were hungry.

You visited 1 branch of the dungeon, and saw 4 of its levels.

You collected 166 gold pieces.

Inventory:

Armour
 a - a +0 robe (worn)
Jewellery
 g - a +4 ring of strength (left hand)
 i - an uncursed amulet of the gourmand
 j - an amulet of magic regeneration (around neck)
 k - a +3 ring of intelligence (right hand)
Scrolls
 b - 2 scrolls of remove curse
 e - 3 scrolls of teleportation
 h - a scroll of noise {unknown}
 l - a scroll of amnesia {unknown}
 p - a scroll of fear {unknown}
Potions
 d - a potion of lignification {unknown}
 f - a potion of curing {unknown}
 m - a potion of magic {unknown}
 o - a potion of invisibility {unknown}
Comestibles
 c - 6 rations
 n - 6 chunks of flesh


   Skills:
 + Level 0.3 Fighting
 + Level 2.9 Dodging
 + Level 3.3 Stealth
 + Level 5.8 Spellcasting
 + Level 6.8 Conjurations
 + Level 0.8 Hexes


You had 2 spell levels left.
You knew the following spells:

 Your Spells              Type           Power        Failure   Level  Hunger
a - Magic Dart            Conj           ####         1%          1    None
b - Searing Ray           Conj           #####.       1%          2    None
c - Dazzling Spray        Conj/Hex       ####..       4%          3    #......
d - Iskenderun's Mystic   Conj           #####...     4%          4    ###....
e - Force Lance           Conj/Tloc      ###.....     19%         4    ###....

Your spell library contained the following spells:

 Spells                   Type           Power        Failure   Level  Hunger
 Fulminant Prism          Conj/Hex       ####......   16%         4    ###....


Dungeon Overview and Level Annotations

Branches:
Dungeon (4/15)
 Temple: D:4-7

Altars:
Nemelex Xobeh
Ru
Uskayaw
Yredelemnul


Message History

A puff of flame appears from out of thin air!
The puff of flame hits you!
You hear some strange, mumbled words.
A magic dart appears from out of thin air!
The magic dart hits you!
You hear some strange, mumbled words.
A puff of frost appears from out of thin air!
The puff of frost misses you.
You hear some strange, mumbled words.
A magic dart appears from out of thin air!
The magic dart hits you!
* * * LOW HITPOINT WARNING * * *
Something hits you but does no damage.
You hear some strange, mumbled words.
A puff of flame appears from out of thin air!
The puff of flame hits you!
* * * LOW HITPOINT WARNING * * *
You are feeling hungry.
Something hits you.
You die...

#..>..... #........
#.......# ####.......+
..........# ...(.....#
# #.## #.#.......#.##
.... # #.#.)###@....#
#### #. #.#......#####
#.##.#$.#####
#.......# ♣♣♣♣♣♣♣♣♣♣♣
##......# ♣♣.♣♣......♣
#......#
♣♣♣♣♣♣♣.♣...♣♣♣...
#......#♣♣......♣♣♣♣♣♣
♣... #......#♣.♣♣♣♣♣♣♣
♣♣.. #........♣♣ ♣♣)[♣


There were no monsters in sight!

Vanquished Creatures
  An ogre (D:4)
  A human zombie (D:3)
  2 orc wizards (D:3)
  4 gnolls (D:4)
  4 adders
  2 oozes
  A worm (D:2)
  A dart slug (D:4)
  4 leopard geckos
  22 orcs
  3 giant cockroaches (D:2)
  10 goblins
  5 hobgoblins
  5 jackals
  3 quokkas
  5 ball pythons
  9 bats
  4 frilled lizards
  8 kobolds
  A kobold zombie (D:3)
  6 rats
101 creatures vanquished.

Vanquished Creatures (others)
  An orc (D:3)
1 creature vanquished.

Grand Total: 102 creatures vanquished

Notes
Turn   | Place    | Note
-------+----------+-------------------------------------------
     0 | D:1      | Fallub the Deep Elf Conjurer began the quest for the Orb.
     0 | D:1      | Reached XP level 1. HP: 10/10 MP: 6/6
   294 | D:1      | Reached XP level 2. HP: 15/15 MP: 5/8
   304 | D:1      | Learned a level 2 spell: Searing Ray
   591 | D:1      | Reached skill level 5 in Conjurations
  1032 | D:2      | Reached XP level 3. HP: 19/19 MP: 3/9
  1292 | D:2      | Found a sacrificial altar of Ru.
  1453 | D:2      | Learned a level 3 spell: Dazzling Spray
  1555 | D:2      | Reached XP level 4. HP: 24/24 MP: 6/11
  1964 | D:2      | Found a sparkling altar of Nemelex Xobeh.
  2295 | D:3      | Reached skill level 6 in Conjurations
  2321 | D:3      | Learned a level 4 spell: Iskenderun's Mystic Blast
  2649 | D:3      | Reached XP level 5. HP: 28/28 MP: 3/13
  3170 | D:3      | Found a hide-covered altar of Uskayaw.
  3544 | D:3      | Reached skill level 5 in Spellcasting
  3618 | D:3      | Found a runed translucent door.
  3618 | D:3      | Noticed a human
  3628 | D:3      | Found a basalt altar of Yredelemnul.
  3752 | D:4      | Learned a level 4 spell: Force Lance
  3771 | D:4      | Noticed an ogre
  3777 | D:4      | Killed an ogre
  3777 | D:4      | Reached XP level 6. HP: 32/32 MP: 9/16
  4055 | D:4      | HP: 1/33 [something/puff of flame (8)]
  4056 | D:4      | Slain by an orc wizard

Skill      XL: |  1  2  3  4  5 |
---------------+----------------+-----
Conjurations   | 5 6 |  6.8
Stealth        | 3 |  3.3
Spellcasting   | 4 5 |  5.8
Fighting       | |  0.3
Dodging        | |  2.9
Hexes          | |  0.8

Action                   |  1- 3 |  4- 6 || total
-------------------------+-------+-------++-------
Melee: Unarmed           |       |     7 ||     7
 Cast: Magic Dart        |    68 |   106 ||   174
       Searing Ray       |     5 |     7 ||    12
       Dazzling Spray    |       |     9 ||     9
       Iskenderun's Myst |       |     2 ||     2
  Use: Scroll            |       |     5 ||     5
  Eat: Chunk             |     2 |     8 ||    10
Armor: Robe              |       |     4 ||     4
Dodge: Dodged            |     9 |    30 ||    39
